 Dungeon Crawl Stone Soup version 0.27-a0-819-g058290f16d (webtiles) character file.

Game seed: 15117108364140878021

498 Demosthentine the Poker (level 7, -1/55 HPs)
             Began as a Merfolk Gladiator on Mar 29, 2021.
             Was a Follower of Zin.
             Slain by a water moccasin (8 damage)
             ... on level 4 of the Dungeon.
             The game lasted 00:03:50 (4616 turns).

Demosthentine the Poker (Merfolk Gladiator)         Turns: 4616, Time: 00:03:51

Health: -1/55      AC:  5    Str: 16    XL:     7   Next: 16%
Magic:  7/7        EV: 14    Int:  7    God:    Zin [*.....]
Gold:   83         SH:  0    Dex: 16    Spells: 6/6 levels left

rFire    . . .     SeeInvis .   a - +0 trident
rCold    . . .     Faith    .   (no shield)
rNeg     . . .     Spirit   .   b - +0 leather armour
rPois    .         Reflect  .   c - +0 helmet
rElec    .         Harm     .   (no cloak)
rCorr    .         Rampage  .   n - +0 pair of gloves
Will     .....                  (no boots)
Stlth    +.........             (no amulet)
HPRegen  0.18/turn              (no ring)
MPRegen  0.10/turn              (no ring)

@: lethally poisoned (-1 -> -15)
A: (nimble swimmer 2), mertail
a: Renounce Religion, Recite, Donate Gold


You were on level 4 of the Dungeon.
You worshipped Zin.
Zin was aware of your devotion.
You visited 1 branch of the dungeon, and saw 4 of its levels.
You also visited: Sewer.

You collected 92 gold pieces.
You donated 9 gold pieces to Zin.

Inventory:

Hand Weapons
 a - a +0 trident (weapon)
Missiles
 d - a throwing net (quivered)
Armour
 b - a +0 leather armour (worn)
 c - a +0 helmet (worn)
 g - a +0 buckler
 n - a +0 pair of gloves (worn)
Scrolls
 h - a scroll of teleportation
 k - a scroll of enchant weapon {unknown}
 p - a scroll of identify
 q - a scroll of amnesia {unknown}
 r - a scroll of summoning {unknown}
Potions
 e - a potion of haste
 i - a potion of lignification
 j - 3 potions of brilliance
 l - 2 potions of flight {unknown}
 m - a potion of berserk rage
 o - 3 potions of curing {unknown}


   Skills:
 + Level 4.3 Fighting
 + Level 6.6 Polearms
 - Level 2.0 Throwing
 + Level 2.3 Armour
 + Level 6.1 Dodging
 + Level 1.7 Shields


You had 6 spell levels left.
You didn't know any spells.
Your spell library contained the following spells:

 Spells                   Type           Power      Damage    Failure   Level
 Summon Small Mammal      Summ           0%         N/A       50%         1
 Call Imp                 Summ           0%         N/A       63%         2
 Call Canine Familiar     Summ           0%         N/A       86%         3
 Summon Guardian Golem    Hex/Summ       0%         N/A       86%         3
 Summon Ice Beast         Ice/Summ       0%         N/A       99%         4
 Summon Lightning Spire   Summ/Air       0%         N/A       99%         4


Dungeon Overview and Level Annotations

Branches:
Dungeon (4/15)              Sewer (visited)
 Temple: D:4-7

Altars:
Okawaru
Wu Jian


Innate Abilities, Weirdness & Mutations

((You are quick and stealthy near water. (Stealth+, EV+, Speed+++)))
Your lower body shifts to a powerful aquatic tail in water.


Message History

You feel very sick. The water moccasin bites you.
The water moccasin closely misses you.
You miss the water moccasin.
The water moccasin is lightly wounded.
You feel very sick. The water moccasin barely misses you.
You barely miss the water moccasin.
The water moccasin is lightly wounded.
You feel sick.
The water moccasin bites you but does no damage.
You barely miss the water moccasin.
The water moccasin is lightly wounded.
You feel sick. The water moccasin bites you.
The water moccasin closely misses you.
You closely miss the water moccasin.
The water moccasin is lightly wounded.
You feel sick. The water moccasin bites you.
You barely miss the water moccasin.
The water moccasin is lightly wounded.
You feel sick. The water moccasin closely misses you.
The water moccasin bites you but does no damage.
You barely miss the water moccasin.
The water moccasin is lightly wounded.
You feel sick. The water moccasin barely misses you.
Okay, then.
You hit the water moccasin.
The water moccasin is moderately wounded.
You feel sick. The water moccasin closely misses you.
You barely miss the water moccasin.
The water moccasin is moderately wounded.
You feel sick. The water moccasin bites you!
* * * LOW HITPOINT WARNING * * *
You are lethally poisoned!
The water moccasin poisons you! The water moccasin closely misses you.
You barely miss the water moccasin.
The water moccasin is moderately wounded.
* * * LOW HITPOINT WARNING * * *
You feel very sick. The water moccasin bites you!
You die...

######## ***** #.(....#
*,,,* #....#.###### *,,>*
####......... #,,,*
#...###### #..,*
#....#...# #...##########
##.......#
#......SS@...#####.#.....#
#.......###......#.#....<#
#....[.†.#####.....##....#
#?......<# ##..#..#.....
##.......# ##..........
##.....## ###........
*#.....#** ##......#
*.......,** #.##....
#.......,,*** #.####..


You could see a water moccasin and a ball python.

Vanquished Creatures
  An ogre (D:4)
  A kobold brigand (Sewer)
  3 iguanas (D:4)
  Jessica (D:3)
  A hound zombie (D:4)
  A hound skeleton (D:4)
  5 adders
  4 gnolls (D:4)
  A river rat (Sewer)
  An adder skeleton (D:4)
  3 worms
  3 dart slugs (D:1)
  3 orcs (D:3)
  10 ball pythons
  9 endoplasms
  3 giant cockroaches
  3 goblins
  4 hobgoblins
  15 jackals
  4 kobolds
  2 quokkas
  8 bats
  2 frilled lizards (D:1)
  11 rats
99 creatures vanquished.

Vanquished Creatures (others)
  A plant (D:1)
1 creature vanquished.

Grand Total: 100 creatures vanquished

Notes
Turn   | Place    | Note
-------+----------+-------------------------------------------
     0 | D:1      | Demosthentine the Merfolk Gladiator began the quest for the
                  | Orb.
     0 | D:1      | Reached XP level 1. HP: 16/16 MP: 1/1
   247 | D:1      | Reached XP level 2. HP: 23/23 MP: 2/2
   463 | D:1      | Reached XP level 3. HP: 9/28 MP: 3/3
  1324 | D:2      | Reached skill level 5 in Polearms
  1582 | D:2      | Reached skill level 1 in Armour
  1669 | D:2      | Reached XP level 4. HP: 34/34 MP: 4/4
  1722 | D:2      | Found an ornate altar of the Wu Jian Council.
  2701 | D:3      | Reached skill level 5 in Dodging
  2777 | D:3      | Found an iron altar of Okawaru.
  2777 | D:3      | Noticed Jessica
  2781 | D:3      | Killed Jessica
  2782 | D:3      | Reached XP level 5. HP: 32/41 MP: 5/5
  3553 | D:4      | Reached XP level 6. HP: 23/48 MP: 6/6
  3571 | D:4      | Found a glowing drain.
  3624 | Sewer    | Entered a sewer
  3970 | Sewer    | Reached skill level 1 in Shields
  4142 | Sewer    | Found a glowing silver altar of Zin.
  4152 | Sewer    | Became a worshipper of Zin the Law-Giver
  4374 | D:4      | Reached * piety under Zin
  4503 | D:4      | Reached XP level 7. HP: 52/54 MP: 7/7
  4616 | D:4      | Slain by a water moccasin

Illustrated notes

Levels and vault maps discovered:
D:1:      dpeg_arrival_simpleton_b, layout_loops_ring, serial_forest,
          infiniplex_forest_clump_small, infiniplex_forest_zigzag_2,
          infiniplex_forest_clump_large, infiniplex_forest_corner_1,
          infiniplex_forest_clump_large
D:2:      layout_loops_ring, lemuel_coloured_pillars_altar
D:3:      layout_basic, okawaru_gym_becter, uniq_jessica
D:4:      layout_rooms, cheibrodos_sewer_entry_drain,
          hangedman_abyss_or_decor_stabs, kennysheep_slug_shrine

Skill      XL: |  1  2  3  4  5  6 |
---------------+-------------------+-----
Polearms       | 5 6 |  6.6
Armour         | 1 2 |  2.3
Fighting       | 3 4 |  4.3
Dodging        | 5 6 |  6.1
Shields        | 1 |  1.7
Throwing       | |  2.0

Action                   |  1- 3 |  4- 6 |  7- 9 || total
-------------------------+-------+-------+-------++-------
Melee: Trident           |   122 |   244 |    27 ||   393
       Tailslap          |       |    11 |       ||    11
Throw: Throwing net      |       |     2 |       ||     2
  Use: Scroll            |     5 |     8 |       ||    13
       Potion            |       |       |     1 ||     1
 Stab: Sleeping          |     2 |       |       ||     2
       Held in net/web   |       |     1 |       ||     1
Armor: Leather armour    |    27 |    55 |     6 ||    88
Dodge: Dodged            |    70 |   185 |    20 ||   275

Table legend: (Time is in decaauts)
 A = Elapsed time spent in this place.
 B = Non-inter-level travel time spent in this place.
 C = Inter-level travel time spent in this place.
 D = Time resting spent in this place.
 E = Time spent auto-exploring this place.
 F = Levels seen in this place.
 G = Mean time per level.
                   A        B        C        D        E       F      G
               +--------+--------+--------+--------+--------+-----+--------+
         Total |   4583 |   4505 |     78 |    786 |   2948 |   5 |  916.6 |
       Dungeon |   4054 |   3976 |     78 |    390 |   2888 |   4 | 1013.5 |
         Sewer |    529 |    529 |      0 |    396 |     59 |   1 |  529.0 |
               +--------+--------+--------+--------+--------+-----+--------+

Top non-repeatable levels by time:
     D:1: 1254 daAuts
     D:2: 1212 daAuts
     D:3: 859 daAuts
     D:4: 727 daAuts
   Sewer: 529 daAuts
